 Dungeon Crawl Stone Soup version 0.29-a0-271-gd4eb659eea (webtiles) character file.

Game seed: 10649810452653015476

356 HotDog the Covered (level 6, -2/53 HPs)
             Began as a Minotaur Fighter on Mar 7, 2022.
             Succumbed to Duvessa's poison
             ... on level 4 of the Dungeon on Mar 8, 2022.
             The game lasted 00:06:42 (2955 turns).

HotDog the Covered (Minotaur Fighter)               Turns: 2955, Time: 00:06:43

Health: -2/53      AC:  9    Str: 23    XL:     6   Next: 36%
Magic:  6/6        EV:  8    Int:  5    God:
Gold:   173        SH:  0    Dex:  9    Spells: 5/5 levels left

rFire   . . .      SeeInvis .   a - +0 long sword
rCold   . . .      Faith    .   c - +0 buckler
rNeg    . . .      Spirit   .   j - +0 chain mail
rPois   .          Reflect  .   (helmet restricted)
rElec   .          Harm     .   (no cloak)
rCorr   .          Rampage  .   (no gloves)
Will    .....                   (no boots)
Stlth   ..........              (no amulet)
HPRegen 0.17/turn               (no ring)
MPRegen 0.10/turn               (no ring)

@: confused, mighty, lethally poisoned (-2 -> -48), ambrosia-drunk
A: horns 2, retaliatory headbutt
a: no special abilities


You were on level 4 of the Dungeon.
You visited 1 branch of the dungeon, and saw 4 of its levels.

You collected 173 gold pieces.

Inventory:

Hand Weapons
 a - a +0 long sword (weapon)
Armour
 c - a +0 buckler (worn)
 j - a +0 chain mail (worn)
Scrolls
 b - 4 scrolls of teleportation
 e - 2 scrolls of magic mapping
 k - a scroll of blinking {unknown}
 l - a scroll of amnesia {unknown}
 s - a scroll of noise
Potions
 f - a potion of curing {unknown}
 g - a potion of ambrosia
 h - a potion of lignification {unknown}
 i - a potion of flight {unknown}
 m - a potion of brilliance
 n - a potion of berserk rage
 o - a potion of magic {unknown}
 p - a potion of cancellation {unknown}
 q - a potion of haste {unknown}
 r - a potion of mutation {unknown}


   Skills:
 * Level 4.5 Fighting
 * Level 4.9 Long Blades
 * Level 5.3 Armour
 * Level 2.0 Dodging
 * Level 4.5 Shields
 * Level 1.6 Invocations


You had 5 spell levels left.
You didn't know any spells.
Your spell library contained the following spells:

 Spells                   Type           Power      Damage    Failure   Level
 Magic Dart               Conj           0%         1d3       99%         1
 Shock                    Conj/Air       0%         1d3       99%         1
 Call Imp                 Summ           0%         N/A       100%        2
 Ensorcelled Hibernation  Hex/Ice        0%         N/A       100%        2
 Passwall                 Tmut/Erth      0%         N/A       100%        2
 Static Discharge         Conj/Air       0%         N/A       100%        2
 Mephitic Cloud           Conj/Pois/Air  0%         N/A       100%        3
 Swiftness                Air            0%         N/A       100%        3
 Airstrike                Air            0%         N/A       100%        4
 Lightning Bolt           Conj/Air       0%         1d11      100%        5
 Maxwell's Capacitive Co  Air            0%         ∞         100%        8


Dungeon Overview and Level Annotations

Branches:
Dungeon (4/15)             Temple (0/1) D:4

Altars:
Ashenzari
Fedhas
Hepliaklqana

Shops:
D:1 *   D:3 (

Annotations:
D:4 Dowan, Duvessa


Innate Abilities, Weirdness & Mutations

You have a pair of horns on your head.
You reflexively headbutt those who attack you in melee.


Message History

Found a staircase to the Ecumenical Temple.
Found a glaive.
No target in view!
You now have 155 gold pieces (gained 6).
You now have 173 gold pieces (gained 18).
You pick up a book of Burglary and begin reading...
You add the spells Passwall and Ensorcelled Hibernation to your library.
No target in view!
Dowan, Brother of Duvessa comes into view.
He is wielding a +1 dagger of draining.
Dowan shouts!
You hear a shout!
Duvessa, Sister of Dowan comes into view.
She is wielding a +2 short sword of venom.
You barely miss Duvessa. Your headbutt misses Duvessa.
You block Duvessa's attack.
Dowan says, "Magic and the sword, together, will defeat you."
You feel very mighty all of a sudden.
Duvessa hits you with a +2 short sword of venom.
Dowan says, "Stay away from my face!"
Dowan points at Duvessa and mumbles some strange words.
Duvessa seems to speed up.
You barely miss Duvessa. Your headbutt misses Duvessa.
Duvessa hits you with a +2 short sword of venom!
You are poisoned.
Duvessa hits you with a +2 short sword of venom.
You are more poisoned.
You hit Duvessa. You headbutt Duvessa.
Duvessa is lightly wounded.
You feel very sick.
Duvessa hits you with a +2 short sword of venom!
You are lethally poisoned!
You completely miss Duvessa. Your headbutt misses Duvessa.
Duvessa is lightly wounded.
* * * LOW HITPOINT WARNING * * *
You feel extremely sick. Duvessa closely misses you.
Duvessa hits you with a +2 short sword of venom!
* * * LOW HITPOINT WARNING * * *
You are more poisoned.
You are confused.
You feel invigorated.
You die...

#.....# #..#
#.#.#.## #..#
#.##.#. #..# .
...#. ####..###
.#..#
########.......#
.....
...............#
.....
########.......#
......#####
#........
......ee@.#
#......#.
≈≈....###.#####
#......#. ≈≈≈≈≈
#...).# #......#.
≈≈≈.
#..>..#####.#.###
≈≈≈
#.........#....#.
≈≈
#########.###..).
≈ #.# ##.#.
#########.# #...
#......##.# ##..


You could see Duvessa (fast) and Dowan.

Vanquished Creatures
  A black bear (D:3)
  A kobold brigand (D:3)
  A scorpion (D:4)
  Terence (D:2)
  4 adders
  A worm (D:3)
  A dart slug (D:1)
  2 orcs
  7 ball pythons
  7 endoplasms
  2 giant cockroaches
  3 goblins
  7 hobgoblins
  6 jackals
  3 kobolds
  4 quokkas
  2 bats
  2 frilled lizards (D:1)
  8 rats
63 creatures vanquished.

Notes
Turn   | Place    | Note
-------+----------+-------------------------------------------
     0 | D:1      | HotDog the Minotaur Fighter began the quest for the Orb.
     0 | D:1      | Reached XP level 1. HP: 19/19 MP: 0/0
    95 | D:1      | Upgraded the game from 0.29-a0-268-g5627465c62 to
                  | 0.29-a0-271-gd4eb659eea
   199 | D:1      | Found Tuhag's Assorted Antiques.
   244 | D:1      | Reached XP level 2. HP: 27/27 MP: 1/1
   370 | D:1      | Found a faded altar of an unknown god.
   684 | D:2      | Reached skill level 4 in Armour
   684 | D:2      | Reached XP level 3. HP: 28/33 MP: 2/2
   733 | D:2      | Noticed Terence
  1031 | D:2      | Killed Terence
  1032 | D:2      | Reached skill level 1 in Dodging
  1307 | D:2      | Reached XP level 4. HP: 40/40 MP: 3/3
  1763 | D:3      | Noticed a black bear
  1775 | D:3      | Killed a black bear
  1776 | D:3      | Reached skill level 1 in Invocations
  1776 | D:3      | Reached XP level 5. HP: 14/46 MP: 4/4
  2166 | D:3      | Found Qedosch's Weapon Emporium.
  2252 | D:3      | Found a blossoming altar of Fedhas.
  2523 | D:3      | Found a faded altar of an unknown god.
  2524 | D:3      | Found a hazy altar of Hepliaklqana.
  2531 | D:3      | Reached skill level 5 in Armour
  2531 | D:3      | Reached XP level 6. HP: 48/53 MP: 6/6
  2840 | D:4      | Found a broken altar of Ashenzari.
  2930 | D:4      | Found a staircase to the Ecumenical Temple.
  2946 | D:4      | Noticed Dowan
  2946 | D:4      | Noticed Duvessa
  2955 | D:4      | Succumbed to Duvessa's poison

Illustrated notes

Levels and vault maps discovered:
D:1:      lemuel_arrival_muddy, layout_rooms,
          hellmonk_ecumenical_altar_lost_god, serial_shops, shop,
          minmay_misc_feat_doors
D:2:      layout_basic, uniq_terence
D:3:      layout_basic, mainiacjoe_overflow_six_doors_small,
          beargit_hepliaklqana_dungeon_heroes, serial_shops,
          nicolae_shop_bloodbath_and_beyond
D:4:      layout_loops_ring, cheibrodos_ashenzari_chains,
          minmay_temple_entry_offerings, lemuel_old_faithful, uniq_duvessa,
          uniq_sigmund

Skill      XL: |  1  2  3  4  5  6 |
---------------+-------------------+-----
Shields        | 4 |  4.5
Armour         | 4 5 |  5.3
Fighting       | 4 |  4.5
Long Blades    | 3 4 |  4.9
Dodging        | 1 2 |  2.0
Invocations    | 1 |  1.6

Action                   |  1- 3 |  4- 6 || total
-------------------------+-------+-------++-------
Melee: Long sword        |    94 |   102 ||   196
       Headbutt          |    13 |    12 ||    25
  Use: Scroll            |     2 |     3 ||     5
       Potion            |       |     7 ||     7
Armor: Scale mail        |    45 |    10 ||    55
       Chain mail        |       |    47 ||    47
Dodge: Dodged            |    47 |    61 ||   108
Block: Buckler           |    25 |    17 ||    42

Table legend: (Time is in decaauts)
 A = Elapsed time spent in this place.
 B = Non-inter-level travel time spent in this place.
 C = Inter-level travel time spent in this place.
 D = Time resting spent in this place.
 E = Time spent auto-exploring this place.
 F = Levels seen in this place.
 G = Mean time per level.
                   A        B        C        D        E       F      G
               +--------+--------+--------+--------+--------+-----+--------+
         Total |   3022 |   2903 |    119 |    267 |   2100 |   4 |  755.5 |
       Dungeon |   3022 |   2903 |    119 |    267 |   2100 |   4 |  755.5 |
               +--------+--------+--------+--------+--------+-----+--------+

Top non-repeatable levels by time:
     D:1: 939 daAuts
     D:3: 908 daAuts
     D:2: 817 daAuts
     D:4: 356 daAuts
